 Dungeon Crawl Stone Soup version 0.12.3 (webtiles) character file.

241 Chiseanne the Ruinous (level 3, 0/23 (26) HPs)
             Began as a Centaur Conjurer on Sept 27, 2013.
             Killed by divine providence
             ... invoked by an orc priest
              (13 damage)
             ... on Level 3 of the Dungeon.
             The game lasted 00:08:25 (2569 turns).

Chiseanne the Ruinous (Centaur Conjurer)            Turns: 2569, Time: 00:08:25

HP   0/23 (26)   AC  4     Str 10      XL: 3   Next: 82%
MP   1/5         EV 10     Int 15      God:
Gold 181         SH  0     Dex 10      Spells:  1 memorised,  3 levels left

Res.Fire  : . . .   See Invis. : .   u - +2 war axe
Res.Cold  : . . .   Warding    : .   a - +0 robe
Life Prot.: . . .   Conserve   : .   (no shield)
Res.Poison: .       Res.Corr.  : .   (no helmet)
Res.Elec. : .       Clarity    : .   (no cloak)
Sust.Abil.: . .     Spirit.Shd : .   (no gloves)
Res.Mut.  : .       Stasis     : .   (no barding)
Res.Rott. : .       Ctrl.Telep.: .   (no amulet)
Saprovore : . . .   Flight     : .   (no ring)
                                     (no ring)

@: very quick, not resistant to hostile enchantments, very unstealthy
A: hooves 3, blurry vision 1, deformed body, herbivore 1, speed 2, fast
metabolism 1, -10% mp, tough skin 3, Dex +1
a: no special abilities


You were on level 3 of the Dungeon.
You were not hungry.

You visited 1 branch of the dungeon, and saw 3 of its levels.

You collected 161 gold pieces.

Inventory:

Hand weapons
 l - a +0,+0 sling
 u - a +2,+2 war axe (weapon)
Missiles
 i - 16 darts (quivered)
 m - 10 exploding sling bullets
 o - 12 poisoned needles
Armour
 a - a +0 robe (worn)
Comestibles
 b - 3 bread rations
 g - a pear
 k - a meat ration
 n - a beef jerky
 t - 11 strawberries
Scrolls
 d - 2 scrolls of teleportation
 e - a scroll of remove curse
 h - a scroll of magic mapping {unknown}
 j - 2 scrolls of identify {unknown}
 p - 2 scrolls of random uselessness {unknown}
 r - a scroll of recharging {unknown}
 s - a scroll of blinking {unknown}
Potions
 f - a potion of porridge
Books
 c - a book of Conjurations

   Spells                             Type                      Level
   *Magic Dart                        Conjuration                  1
   Force Lance                        Conjuration                  2
   Dazzling Spray                     Conjuration/Hexes            3
   Iskenderun's Mystic Blast          Conjuration                  4
   Iskenderun's Battlesphere          Conjuration/Charms           4
   Fulminant Prism                    Conjuration/Hexes            5


   Skills:
 * Level 0.8 Fighting
 * Level 1.3 Throwing
 * Level 1.6 Dodging
 - Level 1.2 Stealth
 * Level 1.4 Spellcasting
 * Level 4.3 Conjurations


You had 3 spell levels left.
You knew the following spells:

 Your Spells              Type           Power        Failure   Level  Hunger
a - Magic Dart            Conj           ###..        4%          1    ##.....


Dungeon Overview and Level Annotations

Branches:
Dungeon (3/27)

Altars:
Yredelemnul


Innate Abilities, Weirdness & Mutations

You have hooves in place of feet.
Armour fits poorly on your strangely shaped body.
You digest meat inefficiently.
You cover ground very quickly.
You have a fast metabolism.
You have extremely tough skin (AC +3).
You are agile (Dex +1).
Your vision is a little blurry.
Your magical capacity is low (-10% MP).


Message History

Aim: an orc priest, wielding an orcish mace and wearing an orcish leather armour (moderately wounded)
You throw a dart. The dart misses the orc priest.
You closely miss the orc priest.
The orc priest is moderately wounded.
The orc priest hits you with an orcish mace.
You hit the orc priest. Your kick misses the orc priest.
The orc priest is severely wounded.
The orc priest becomes somewhat translucent.
The orc priest barely misses you.
You barely miss the orc priest. Your kick misses the orc priest.
The orc priest is severely wounded.
The orc priest mumbles some strange prayers to Beogh.
You feel troubled.
You hit the orc priest but do no damage.
The orc priest is severely wounded.
The orc priest hits you with an orcish mace!
The orc priest mumbles some strange prayers to Beogh against you.
Something smites you!
Ouch! That really hurt!
You die...

#..)...#
#.......
#......#
#.......
#......#
#.......
#......#
.......
#......#
......
#......#
#.#
##'#####
#..%#
###@#
#.o......#
#........+
#........#
#........#
+........
#.......
#?.....
.(.


You could see an orc priest.

Vanquished Creatures
  2 adders (D:2)
  3 giant geckos
  An ooze (D:3)
  A ball python (D:2)
  2 giant cockroaches (D:3)
  A hobgoblin (D:2)
  3 jackals (D:1)
  3 kobolds (D:1)
  9 bats
  2 giant newts (D:2)
  6 goblins
  2 quokkas
  9 rats
44 creatures vanquished.

Vanquished Creatures (others)
  A goblin (D:3)
1 creature vanquished.

Grand Total: 45 creatures vanquished

Notes
Turn   | Place    | Note
--------------------------------------------------------------
     0 | D:1      | Chiseanne, the Centaur Conjurer, began the quest for the Orb.
     0 | D:1      | Reached XP level 1. HP: 14/14 MP: 3/3
   371 | D:1      | Reached skill level 1 in Throwing
   371 | D:1      | Reached XP level 2. HP: 20/20 MP: 0/4
   964 | D:1      | Reached skill level 4 in Conjurations
  1133 | D:2      | Reached XP level 3. HP: 19/26 MP: 1/5
  1221 | D:2      | Gained mutation: Your vision is a little blurry. [potion of mutation]
  1221 | D:2      | Gained mutation: Your magical capacity is low (-10% MP). [potion of mutation]
  1221 | D:2      | Gained mutation: You are agile (Dex +1). [potion of mutation]
  1954 | D:2      | Found a basalt altar of Yredelemnul.
  2569 | D:3      | Killed from afar by an orc priest

Action                   || total
-------------------------++-------
Melee: Whip              ||    56
       Dagger            ||     4
       War axe           ||     4
Throw: Stone             ||     2
       Dart              ||     1
 Cast: Magic Dart        ||    75
  Use: Scroll            ||     3
       Potion            ||     5
